 Dungeon Crawl Stone Soup version 0.28.0-43-g3370ac3207 (webtiles) character file.

Game seed: 15386048037721112050

9 Iusername the Thaumaturge (level 2, -1/26 HPs)
             Began as a Gnoll Wanderer on Mar 31, 2022.
             Slain by a goblin
             ... wielding a +0 club
              (4 damage)
             ... on level 1 of the Dungeon.
             The game lasted 00:09:50 (931 turns).

Iusername the Thaumaturge (Gnoll Wanderer)           Turns: 931, Time: 00:09:50

Health: -1/26      AC:  3    Str: 11    XL:     2   Next: 16%
Magic:  12/12      EV:  8    Int: 10    God:
Gold:   9          SH:  0    Dex: 12    Spells: 19/19 levels left

rFire   . . .      SeeInvis .   a - +0 dagger
rCold   . . .      Faith    .   (no shield)
rNeg    . . .      Spirit   .   e - +0 leather armour {health}
rPois   .          Reflect  .   (no helmet)
rElec   .          Harm     .   (no cloak)
rCorr   .          Rampage  .   (no gloves)
Will    .....                   (no boots)
Stlth   +++.......              (no amulet)
HPRegen 0.08/turn               (no ring)
MPRegen 0.13/turn               (no ring)

@: constricted
A: fangs 1, strong nose, distributed training
a: no special abilities


You were on level 1 of the Dungeon.
You visited 1 branch of the dungeon, and saw 1 of its levels.

You collected 9 gold pieces.

Inventory:

Hand Weapons
 a - a +0 dagger (weapon)
 g - a +0 short sword
Missiles
 b - an atropa-tipped dart
 c - 2 datura-tipped darts
Armour
 e - a +0 leather armour (worn) {health}
Scrolls
 f - a scroll of silence


   Skills:
 + Level 4.4 Fighting
 + Level 0.3 Short Blades
 + Level 0.3 Long Blades
 + Level 0.3 Axes
 + Level 0.3 Maces & Flails
 + Level 0.3 Polearms
 + Level 0.3 Staves
 + Level 0.3 Slings
 + Level 0.3 Bows
 + Level 0.3 Crossbows
 + Level 0.3 Throwing
 + Level 0.3 Armour
 + Level 0.3 Dodging
 + Level 7.7 Stealth
 + Level 0.3 Shields
 + Level 0.3 Unarmed Combat
 + Level 9.2 Spellcasting
 + Level 0.2 Conjurations
 + Level 0.2 Hexes
 + Level 0.2 Summonings
 + Level 0.2 Necromancy
 + Level 0.2 Translocations
 + Level 0.2 Transmutations
 + Level 0.2 Fire Magic
 + Level 0.2 Ice Magic
 + Level 0.2 Air Magic
 + Level 0.2 Earth Magic
 + Level 0.2 Poison Magic
 + Level 0.4 Invocations
 + Level 0.3 Evocations


You had 19 spell levels left.
You didn't know any spells.
Your spell library was empty.

Dungeon Overview and Level Annotations

Branches:
Dungeon (1/15)

Altars:


Innate Abilities, Weirdness & Mutations

You have very sharp teeth.
Your uncanny sense of smell can sniff out nearby items.
Your experience applies equally to all skills.


Message History

a +0 short sword; 3 stones; a kobold corpse
Things that are here:
a +0 short sword; 3 stones; a kobold corpse
Things that are here:
a +0 short sword; 3 stones; a kobold corpse
Things that are here:
a +0 short sword; 3 stones; a kobold corpse
Things that are here:
a +0 short sword; 3 stones; a kobold corpse
Things that are here:
a +0 short sword; 3 stones; a kobold corpse
g - a +0 short sword Welcome back, Iusername the Gnoll Wanderer.
Press ? for a list of commands and other information.
Found an escape hatch in the floor.
Found a scroll labelled FIKIAM BUQUAMM.
There is an escape hatch in the floor here.
Found a scroll labelled QYETZYIL IMAEC.
Found 23 arrows and a book of Flames.
A goblin comes into view. It is wielding a +0 club.
A frilled lizard and a ball python come into view.
You see here a scroll labelled FIKIAM BUQUAMM.
The goblin shouts!
The frilled lizard hisses angrily.
The ball python hisses angrily.
You see here a scroll labelled FIKIAM BUQUAMM.
The goblin hits you with a +0 club. The goblin closely misses you.
The goblin hits you with a +0 club.
* * * LOW HITPOINT WARNING * * *
The ball python misses you. x2
The goblin hits you but does no damage. The ball python bites you.
* * * LOW HITPOINT WARNING * * *
The ball python grabs you. The ball python constricts you.
* * * LOW HITPOINT WARNING * * *
There is an escape hatch in the floor here.
As you read the scroll labelled CAOCSU TIFE, it crumbles to dust.
It is a scroll of identify.
You don't have any unidentified items.
The goblin hits you with a +0 club.
You die...

.....### ####.#
#......## ... ..... ∆
#.......# #.# #...##
#...#...# #.# #....#
#...#...# #.# #..#.#
# #...#...# #.#
#..#.. .# #...#...#
#.####..#.#####..#
#§≈≈#≈≈≈#
####...g...#.(.:....#
#§§≈#≈≈≈#
#.....@Sl..#..#..#
#≈≈≈#≈≈≈#
#.########...?.?.#
#≈§§#≈§≈# #.#
#.#####.# #≈§§#≈§≈#
#.# #.. .# #≈§§≈≈≈.#
#.# #### .# ≈≈≈≈....#
#(# .. ≈......## #.#
.. .....### #.# ###
.##### #.#


You could see a goblin, a ball python and a frilled lizard.

Vanquished Creatures
  An endoplasm (D:1)
  2 hobgoblins (D:1)
  2 kobolds (D:1)
  A frilled lizard (D:1)
  A goblin (D:1)
  2 rats (D:1)
9 creatures vanquished.

Vanquished Creatures (others)
  A fungus (D:1)
1 creature vanquished.

Grand Total: 10 creatures vanquished

Notes
Turn   | Place    | Note
-------+----------+-------------------------------------------
     0 | D:1      | Reached skill level 9 in Spellcasting
     0 | D:1      | Iusername the Gnoll Wanderer began the quest for the Orb.
     0 | D:1      | Iusername set off with the following items: a +0 dagger, an
                  | atropa-tipped dart, 2 datura-tipped darts, a scroll of
                  | silence, a +0 leather armour
     0 | D:1      | Reached XP level 1. HP: 20/20 MP: 10/10
   817 | D:1      | Reached XP level 2. HP: 13/26 MP: 12/12
   931 | D:1      | Slain by a goblin

Illustrated notes

Levels and vault maps discovered:
D:1:      dpeg_arrival_water_fire, layout_loops_ring,
          shapermc_ecumenical_altar_mp_vishouse, minmay_pentomino_o4

Skill      XL: | |
---------------+-+-----
Spellcasting   | |  9.2
Fighting       | |  4.4
Short Blades   | |  0.3
Long Blades    | |  0.3
Axes           | |  0.3
Maces & Flails | |  0.3
Polearms       | |  0.3
Staves         | |  0.3
Slings         | |  0.3
Bows           | |  0.3
Crossbows      | |  0.3
Throwing       | |  0.3
Armour         | |  0.3
Dodging        | |  0.3
Stealth        | |  7.7
Shields        | |  0.3
Unarmed Combat | |  0.3
Conjurations   | |  0.2
Hexes          | |  0.2
Summonings     | |  0.2
Necromancy     | |  0.2
Translocations | |  0.2
Transmutations | |  0.2
Fire Magic     | |  0.2
Ice Magic      | |  0.2
Air Magic      | |  0.2
Earth Magic    | |  0.2
Poison Magic   | |  0.2
Invocations    | |  0.4
Evocations     | |  0.3

Action                   || total
-------------------------++-------
Melee: Dagger            ||    44
       Bite              ||     5
       Punch             ||     2
Throw: Dart              ||     3
  Use: Scroll            ||     1
 Stab: Invisible         ||     1
Armor: Leather armour    ||     8
Dodge: Dodged            ||    29
